Map: Cactus Valley LE (Void)

Players

Musumeci

  • Race: Zerg Zerg
  • League: Diamond
  • Spawn Location: 11:00

falkion - Winner!

  • Race: Zerg Zerg
  • League: Diamond
  • Spawn Location: 5:00

VOD

Have the link to the VOD?

Description

Time

  • Played on: March 2, 2017, 10:56 a.m.
  • Length: 14:56
Show
View Real Time Build Order
Export as new Build Order

Musumeci Zerg 

Build Orders: Pool First 

Get SALT Encoding   

  12  0:00  Drone  
  13  0:08  Drone  
  14  0:18  Drone, Extractor  
  15  0:27  Overlord  
  15  0:41  Spawning Pool  
  14  0:45  Drone  
  14  0:46  Drone  
  16  0:50  Drone  
  17  0:57  Extractor  
  16  1:18  Hatchery  
  15  1:25  Drone  
  15  1:26  Drone  
  15  1:28  Drone  
  18  1:41  Drone  
  19  2:02  Drone x2  
  19  2:04  Metabolic Boost  
  21  2:09  Queen, Extractor  
  21  2:10  Overlord  
  23  2:29  Drone  
  24  2:30  Queen, Drone  
  24  2:31  Drone  
  28  2:40  Baneling Nest  
  27  2:48  Zergling x2  
  27  2:49  Zergling x2  
  29  2:55  Zergling x4  
  31  3:03  Zergling x4  
  32  3:20  Zergling x6  
  32  3:22  Overlord x2  
  33  3:38  Zergling x6  
  35  4:01  Zergling x2  
  35  4:02  Zergling x12  
  37  4:08  Evolution Chamber  
  35  4:34  Zergling x8  
  35  4:35  Zergling x10  
  44  4:40  Zerg Ground Armor Level 1  
  42  4:55  Baneling x3  
  42  4:56  Baneling x2  
  42  5:00  Zergling x6  
  42  5:01  Zergling x4  
  42  5:06  Baneling x4  
  46  5:28  Zergling x2  
  46  5:29  Zergling x8  
  46  5:30  Overlord x4  
  45  6:17  Zergling x24  
  56  6:20  Baneling  
  56  6:21  Baneling x4  
  56  6:29  Zergling x2  
  56  6:30  Zergling x2  
  57  6:38  Baneling  
  57  6:39  Baneling  
  45  6:53  Baneling x3  
  35  7:19  Baneling x2  
  34  7:28  Zergling x6  
  34  7:29  Zergling x6  
  32  7:47  Zergling x4  
  34  7:53  Baneling x3  
  34  7:58  Hatchery  
  33  8:02  Zergling x6  
  33  8:03  Zergling x2  
  33  8:04  Zerg Melee Weapons Level 1  
  37  8:15  Baneling x2  
  37  8:16  Zergling x8  
  37  8:38  Zergling x10  
  42  8:50  Baneling x5  
  41  8:59  Zergling x14  
  44  9:17  Baneling  
  44  9:18  Baneling  
  44  9:20  Baneling  
  35  9:45  Zergling x24  
  43  9:48  Baneling  
  43  9:49  Baneling  
  43  9:54  Queen  
  43  9:57  Zergling x14  
  52  10:01  Baneling  
  40  10:18  Baneling  
  34  10:27  Zergling x2  
  34  10:28  Zergling x18  
  44  10:32  Drone  
  38  10:56  Zergling x18  
  43  11:00  Baneling x4  
  35  11:33  Baneling x2  
  35  11:34  Zergling x22  
  46  11:41  Drone x2  
  44  12:18  Zergling x26  
  47  12:31  Baneling x2  
  47  12:32  Baneling x3  
  46  12:44  Baneling  
  46  12:46  Zergling x14  
  51  13:20  Baneling x3  
  51  13:40  Baneling x2  
  51  13:46  Zergling x16  
  51  13:47  Zergling x22  
  67  14:01  Baneling  
  67  14:02  Baneling  
  47  14:26  Baneling x2  
  47  14:29  Extractor  
Show
View Real Time Build Order
Export as new Build Order

falkion Zerg - Winner!

Build Orders: Hatch First, Zergling Baneling 

Get SALT Encoding   

  12  0:01  Drone  
  13  0:12  Overlord  
  13  0:18  Drone  
  14  0:31  Drone x2  
  14  0:35  Drone  
  17  0:53  Hatchery  
  17  0:56  Drone  
  17  1:00  Drone  
  18  1:09  Extractor  
  17  1:17  Spawning Pool  
  16  1:19  Drone  
  16  1:22  Drone  
  18  1:28  Drone  
  19  1:43  Drone  
  20  1:50  Overlord  
  20  2:04  Queen  
  20  2:06  Queen  
  20  2:07  Zergling x4  
  26  2:14  Drone  
  27  2:18  Drone  
  28  2:23  Metabolic Boost  
  28  2:29  Zergling x4  
  30  2:31  Baneling Nest  
  30  2:35  Drone  
  30  2:38  Drone  
  30  2:43  Drone  
  32  2:49  Drone  
  33  2:57  Drone  
  34  3:10  Hatchery  
  32  3:15  Baneling x2  
  32  3:16  Zergling x2  
  32  3:17  Zergling x4  
  32  3:19  Overlord  
  35  3:24  Overlord  
  35  3:33  Zergling x6  
  35  3:36  Baneling x4  
  35  3:39  Zergling x2  
  37  3:41  Zergling x2  
  37  3:43  Zergling x2  
  37  3:46  Zergling x2  
  39  3:49  Zergling x2  
  38  4:03  Zergling x10  
  38  4:04  Zergling x2  
  38  4:05  Baneling  
  38  4:07  Drone  
  38  4:09  Drone  
  46  4:17  Drone x2  
  46  4:43  Baneling x2  
  45  4:54  Queen  
  45  4:55  Zergling x4  
  45  4:56  Zergling x12  
  55  5:00  Spine Crawler  
  54  5:07  Drone x2  
  54  5:08  Evolution Chamber  
  52  5:25  Zergling x8  
  56  5:32  Overlord x2  
  56  5:36  Zerg Ground Armor Level 1  
  56  5:37  Overlord  
  56  5:38  Overlord  
  56  5:41  Zergling x4  
  56  5:42  Baneling x3  
  58  5:43  Baneling  
  51  5:58  Zergling x6  
  53  6:05  Zergling x14  
  53  6:06  Zergling x2  
  60  6:12  Zergling x2  
  58  6:20  Baneling x5  
  58  6:21  Drone  
  58  6:22  Drone  
  58  6:25  Extractor  
  59  6:26  Drone  
  59  6:27  Evolution Chamber  
  59  6:29  Zergling x12  
  59  6:44  Spine Crawler  
  57  6:52  Zergling x14  
  57  6:53  Baneling, Zergling x4  
  57  6:54  Baneling x2  
  65  6:58  Drone x2  
  65  7:00  Zergling x2  
  45  7:23  Zergling x8  
  45  7:28  Baneling x4  
  47  7:30  Zergling x12  
  51  7:37  Spine Crawler, Zergling x6  
  51  7:38  Zergling x2  
  50  7:47  Spine Crawler  
  50  7:50  Zergling x6  
  51  8:20  Zergling x6  
  51  8:21  Baneling x2, Zergling x4  
  51  8:22  Baneling x2  
  53  8:34  Zergling x10  
  53  8:35  Zergling x10  
  62  8:43  Zergling x2  
  62  8:44  Zergling x4  
  62  8:45  Baneling  
  65  8:55  Zergling x6  
  64  9:06  Drone x3  
  67  9:15  Zergling x6  
  67  9:16  Baneling x2  
  70  9:22  Drone  
  71  9:28  Baneling x2  
  68  9:40  Zergling x6  
  68  9:41  Zergling x10  
  71  9:47  Drone x2, Baneling  
  71  9:48  Baneling x4  
  71  9:49  Overlord x2  
  67  10:12  Zergling x12  
  67  10:13  Zergling x4  
  64  10:27  Zerg Melee Weapons Level 1  
  60  10:28  Lair  
  60  10:29  Drone  
  60  10:30  Drone x3  
  60  10:33  Drone x2  
  58  10:50  Zergling x6  
  58  10:51  Zergling x10  
  58  10:52  Zergling x2  
  63  10:57  Baneling x4  
  63  10:58  Baneling x2  
  63  10:59  Zergling x2  
  63  11:02  Drone  
  63  11:03  Drone  
  66  11:05  Drone  
  66  11:07  Drone  
  66  11:09  Drone  
  67  11:23  Zergling x10  
  70  11:33  Baneling x2  
  70  11:34  Zergling x10  
  75  11:41  Spine Crawler  
  75  11:43  Zerg Ground Armor Level 2  
  75  11:44  Drone x3  
  75  11:46  Drone  
  78  11:54  Baneling  
  78  11:55  Baneling  
  78  12:06  Baneling  
  78  12:07  Baneling x2  
  78  12:10  Zergling x10  
  78  12:11  Zergling x12  
  88  12:20  Zergling x4  
  88  12:21  Zergling x10  
  90  12:31  Baneling x3  
  90  12:32  Baneling x2  
  90  12:33  Zergling x2  
  90  12:34  Zergling x4  
  93  12:40  Extractor  
  93  12:41  Extractor  
  93  12:43  Zergling x4  
  93  12:44  Zergling x2  
  87  13:21  Baneling x2  
  87  13:22  Baneling x5  
  87  13:23  Drone x3  
  87  13:24  Zergling x12  
  87  13:25  Zergling x4  
  98  13:32  Extractor  
  98  13:33  Zergling x4, Extractor  
  91  13:47  Drone x4  
  87  13:52  Baneling x10  
  83  13:58  Zergling x2  
  83  13:59  Zergling x4  
  78  14:03  Zergling x8  
  78  14:04  Zergling x2  
  80  14:23  Baneling x3  
  80  14:24  Baneling x4  
  78  14:25  Zergling x8  
  78  14:26  Zergling x4  
  84  14:34  Zergling x8  
Tags
 
Add a new tag
Caveats
  • Supply blocks, unpowered buildings, or Contaminate may cause inaccurate times.
  • Supply counts are checked every 10 seconds.